 Dungeon Crawl Stone Soup version 0.27-a0-1189-gb8eb6cee8e (webtiles) character file.

Game seed: 344178268375894757

252 Wyvernaa the Cudgeller (level 5, -6/39 HPs)
             Began as a Demonspawn Gladiator on May 22, 2021.
             Mangled by a gnoll
             ... wielding a +0 flail
              (10 damage)
             ... on level 3 of the Dungeon.
             The game lasted 00:07:56 (3002 turns).

Wyvernaa the Cudgeller (Demonspawn Gladiator)       Turns: 3002, Time: 00:07:57

Health: -6/39      AC:  5    Str: 12 (14) XL:     5   Next: 89%
Magic:  0/5        EV: 12    Int:  6 (9)  God:
Gold:   175        SH:  0    Dex: 14 (16) Spells: 4/4 levels left

rFire    . . .     SeeInvis .   k - +2 whip (vamp)
rCold    . . .     Faith    .   (no shield)
rNeg     . . .     Spirit   +   b - +0 leather armour
rPois    .         Reflect  .   c - +0 helmet
rElec    .         Harm     .   (no cloak)
rCorr    .         Rampage  .   n - +0 pair of gloves
Will     .....                  (no boots)
Stlth    ++........             l - amulet of guardian spirit
HPRegen  0.13/turn              (no ring)
MPRegen  0.09/turn              (no ring)

@: attractive, flying, hasted, very quick
A: hooves 2, no potion heal 1
a: no special abilities


You were on level 3 of the Dungeon.
You visited 1 branch of the dungeon, and saw 4 of its levels.

You collected 175 gold pieces.

Inventory:

Hand Weapons
 a - a +0 flail
 k - a +2 vampiric whip (weapon)
Missiles
 d - 3 throwing nets (quivered)
 h - 5 atropa-tipped darts
Armour
 b - a +0 leather armour (worn)
 c - a +0 helmet (worn)
 n - a +0 pair of gloves (worn)
Jewellery
 l - an amulet of guardian spirit (around neck)
Scrolls
 g - a scroll of identify
 j - 2 scrolls of enchant armour


   Skills:
 + Level 2.5 Fighting
 * Level 4.7 Maces & Flails
 + Level 1.9 Throwing
 + Level 2.0 Armour
 + Level 3.2 Dodging
 + Level 1.3 Stealth


You had 4 spell levels left.
You didn't know any spells.
Your spell library was empty.

Dungeon Overview and Level Annotations

Branches:
Dungeon (4/15)
 Temple: D:4-7

Altars:

Shops:
D:3 (


Innate Abilities, Weirdness & Mutations

You have hoof-like feet.
Potions are less effective at restoring your health.


Message History

The gnoll misses you.
The gnoll hits you from afar with a +0 halberd.
The gnoll closely misses you.
You hit the gnoll but do no damage. The gnoll hits you with a +0 flail.
The gnoll barely misses you. The gnoll hits you with a +0 flail!
It was a potion of haste.
You feel yourself speed up. The gnoll hits you with a +0 flail.
The gnoll hits you from afar with a +0 halberd!
* * * LOW HITPOINT WARNING * * *
The gnoll closely misses you.
Okay, then.
The gnoll is pulled toward you!
It was a potion of flight.
You feel very buoyant.
You fly up into the air.
The gnoll hits you with a +0 flail. The gnoll barely misses you.
Okay, then.
The gnoll hits you but does no damage. The gnoll is pulled toward you! x2
The gnoll is pulled toward you!
The gnoll hits you from afar with a +0 halberd.
* * * LOW HITPOINT WARNING * * *
The gnoll is pulled toward you! As you open the door, it creaks loudly!
The gnoll closely misses you.
Found a stone staircase leading up.
There is an open door here.
The gnoll is pulled toward you! x3
The gnoll is pulled toward you!
There is a stone staircase leading up here.
The gnoll closely misses you. The gnoll is pulled toward you! x2
You fly upwards.
There is a stone staircase leading down here.
You barely miss the gnoll. Your kick misses the gnoll.
You barely miss the gnoll. You kick the gnoll, but do no damage.
The gnoll closely misses you.
You hit the gnoll but do no damage. You barely miss the gnoll.
You kick the gnoll.
The gnoll is lightly wounded.
The gnoll hits you with a +0 flail!
You die...

...#...#......# ####
...#..#.......### #### #...
...###...#......#########..###'''
..#..#..#...###......."...##.....
.#...###....# ########.####..#...
#...#...#(.## #.###..#.#.#
#(.#.....#.# #####.##..#...#†
###........## ####....##..#.#.#.#
#..#.....#..###.@..####..#...#.#.
#...#...#...##.g#### #..#.#.#.#.#
.#...###.......## #.#...#...#.
..#..#..#...#### #..#.#.#.#.#
...###...#....# #.(.#.#.#.#.
...#..#.....#.########..#.#.#.#.#
...#...#....#........#.#...#...#.
..#.#.......##########..#.#.#.#.#
.#...#......#..## ##..#...#.#.


You could see a gnoll.

Vanquished Creatures
  A black bear (D:3)
  An iguana (D:4)
  An orc wizard (D:4)
  3 adders (D:3)
  A worm (D:3)
  A dart slug (D:2)
  12 orcs (D:4)
  5 ball pythons
  5 bats
  4 endoplasms
  3 giant cockroaches
  6 goblins
  5 hobgoblins
  2 quokkas
  A frilled lizard (D:2)
  5 kobolds
  12 rats
68 creatures vanquished.

Notes
Turn   | Place    | Note
-------+----------+-------------------------------------------
     0 | D:1      | Wyvernaa the Demonspawn Gladiator began the quest for the
                  | Orb.
     0 | D:1      | Reached XP level 1. HP: 16/16 MP: 1/1
   130 | D:1      | Reached skill level 3 in Maces & Flails
   273 | D:1      | Gained mutation: You have large cloven feet. [demonic
                  | ancestry]
   273 | D:1      | Reached XP level 2. HP: 22/22 MP: 2/2
  1061 | D:2      | Gained mutation: You have hoof-like feet. [demonic
                  | ancestry]
  1061 | D:2      | Reached XP level 3. HP: 26/27 MP: 3/3
  1085 | D:2      | Found a faded altar of an unknown god.
  1857 | D:3      | Found Geck's Weapon Boutique.
  1880 | D:3      | Reached XP level 4. HP: 23/33 MP: 4/4
  2035 | D:3      | Noticed a black bear
  2038 | D:3      | Killed a black bear
  2039 | D:3      | Reached skill level 4 in Maces & Flails
  2039 | D:3      | Reached skill level 1 in Armour
  2039 | D:3      | Reached skill level 1 in Stealth
  2039 | D:3      | Reached XP level 5. HP: 39/39 MP: 5/5
  2980 | D:4      | Gained mutation: Potions are less effective at restoring
                  | your health. [potion of mutation]
  3002 | D:3      | Mangled by a gnoll

Illustrated notes

Levels and vault maps discovered:
D:1:      roderic_octagonal_star, layout_loops_ring
D:2:      layout_basic, hellmonk_ecumenical_altar_blasted
D:3:      layout_rooms, serial_shops, shop, kennysheep_cluttered_room,
          minmay_splitting_lines, nrook_uturn
D:4:      layout_gridville, minmay_temple_entry_mist, kennysheep_small_square

Skill      XL: |  1  2  3  4  5 |
---------------+----------------+-----
Maces & Flails | 3 4 |  4.7
Dodging        | 3 |  3.2
Armour         | 1 2 |  2.0
Stealth        | 1 |  1.3
Fighting       | |  2.5
Throwing       | |  1.9

Action                   |  1- 3 |  4- 6 || total
-------------------------+-------+-------++-------
Melee: Flail             |    51 |       ||    51
       Whip              |    61 |    90 ||   151
       Kick              |    15 |    24 ||    39
  Use: Scroll            |     4 |     4 ||     8
       Potion            |       |     6 ||     6
 Stab: Sleeping          |     2 |     1 ||     3
Armor: Leather armour    |    36 |    20 ||    56
Dodge: Dodged            |    76 |    62 ||   138

Table legend: (Time is in decaauts)
 A = Elapsed time spent in this place.
 B = Non-inter-level travel time spent in this place.
 C = Inter-level travel time spent in this place.
 D = Time resting spent in this place.
 E = Time spent auto-exploring this place.
 F = Levels seen in this place.
 G = Mean time per level.
                   A        B        C        D        E       F      G
               +--------+--------+--------+--------+--------+-----+--------+
         Total |   2995 |   2875 |    120 |    174 |   2080 |   4 |  748.8 |
       Dungeon |   2995 |   2875 |    120 |    174 |   2080 |   4 |  748.8 |
               +--------+--------+--------+--------+--------+-----+--------+

Top non-repeatable levels by time:
     D:1: 933 daAuts
     D:3: 908 daAuts
     D:2: 689 daAuts
     D:4: 464 daAuts
